 Dungeon Crawl Stone Soup version 0.25-a0-502-g6516661a7a (webtiles) character file.

Game seed: 4818407236911938447, levelgen mode: deterministic

427 mopl the Digger (level 6, 0/45 HPs)
             Began as a Draconian Earth Elementalist on Feb 12, 2020.
             Slain by a gnoll
             ... wielding a +0 whip
              (6 damage)
             ... on level 4 of the Dungeon.
             The game lasted 00:07:22 (4607 turns).

mopl the Digger (Draconian Earth Elementalist)      Turns: 4607, Time: 00:07:23

Health: 0/45       AC:  8    Str: 10    XL:     6   Next: 65%
Magic:  1/11       EV: 12    Int: 17    God:
Gold:   25         SH:  0    Dex: 12    Spells: 2/12 levels left

rFire    . . .     SeeInvis .   a - +2 dagger (drain)
rCold    . . .     Gourm    .   (no shield)
rNeg     . . .     Faith    .   (armour unavailable)
rPois    +         Spirit   .   (helmet restricted)
rElec    .         Reflect  .   w - +0 cloak
rCorr    .         Harm     .   p - +0 pair of gloves (curse)
MR       .....                  (no boots)
Stlth    +.........             (no amulet)
HPRegen  0.15/turn              A - ring of poison resistance
MPRegen  0.12/turn              r - ring of attention (curse)

@: very slightly contaminated, glowing
A: unfitting armour, cold-blooded, AC +6
a: no special abilities


You were on level 4 of the Dungeon.
You were not hungry.

You visited 2 branches of the dungeon, and saw 5 of its levels.

You collected 165 gold pieces.
You spent 140 gold pieces at shops.

Inventory:

Hand Weapons
 a - a +2 dagger of draining (weapon)
 E - a +1 dagger of flaming
 F - a +1 short sword
Missiles
 b - 86 stones
 n - 22 poisoned darts (quivered)
 y - 8 boomerangs
Armour
 p - a cursed +0 pair of gloves (worn)
 w - a +0 cloak (worn)
Jewellery
 e - a +3 ring of strength
 q - an uncursed ring of ice
 r - a cursed ring of attention (right hand)
 v - a +2 ring of evasion
 A - a ring of poison resistance (left hand)
Scrolls
 d - a scroll of identify
 j - a scroll of immolation {unknown}
 k - 2 scrolls of remove curse {unknown}
 m - a scroll of random uselessness {unknown}
 o - 2 scrolls of blinking {unknown}
 s - a scroll of fog {unknown}
 u - 2 scrolls of enchant weapon
 x - a scroll of amnesia {unknown}
 z - a scroll of fear {unknown}
 B - 2 scrolls of teleportation
 C - 2 scrolls of magic mapping
Potions
 f - a potion of flight
 g - 2 potions of curing
 h - a potion of heal wounds
 i - a potion of mutation {!q}
 l - a potion of might
 t - a potion of ambrosia
Comestibles
 c - 4 rations
 D - 2 chunks of flesh


   Skills:
 - Level 1.7 Dodging
 - Level 1.7 Stealth
 + Level 3.9 Spellcasting
 + Level 2.7 Conjurations
 + Level 3.1 Transmutations
 + Level 4.8 Earth Magic


You had 2 spell levels left.
You knew the following spells:

 Your Spells              Type           Power        Failure   Level  Hunger
a - Sandblast             Erth           ###...       2%          1    None
b - Stone Arrow           Conj/Erth      ###...       10%         3    ###....
c - Petrify               Tmut/Erth      ###.....     30%         4    ####...
p - Passwall              Tmut/Erth      ###.....     4%          2    ##.....

Your spell library contained the following spells:

 Spells                   Type           Power        Failure   Level  Hunger
 Lee's Rapid Deconstruct  Erth           ###.......   52%         5    ######.


Dungeon Overview and Level Annotations

Branches:
Dungeon (4/15)             Temple (1/1) D:4

Altars:
Ashenzari
Dithmenos
Gozag
Hepliaklqana
Makhleb
Nemelex Xobeh
Okawaru
Qazlal
Ru
Sif Muna
Trog
Vehumet
Wu Jian
Xom
Zin
The Shining One

Shops:
D:4 }[?%


Innate Abilities, Weirdness & Mutations

Your plain brown scales are hard. (AC +6)
You cannot fit into any form of body armour.
You are cold-blooded and may be slowed by cold attacks.


Message History

Unknown command.
Casting: Sandblast (safe; 2% risk of failure)
Confirm with . or Enter, or press ? or * to list all spells.
Aiming: Sandblast (safe; 2% risk of failure)
Press: ? - help, Shift-Dir - straight line, f - gnoll
Aim: a gnoll, wielding a +0 whip (fast)
The blast of sand misses the gnoll.
b - 86 stones The gnoll hits you but does no damage.
Unknown command.
Casting: Sandblast (safe; 2% risk of failure)
Confirm with . or Enter, or press ? or * to list all spells.
You don't have enough magic to cast that spell.
Sorry, you're not good enough to have a special ability.
Unknown command.
You closely miss the gnoll. The gnoll hits you with a +0 whip.
* * * LOW HITPOINT WARNING * * *
The gnoll misses you.
You hit the gnoll but do no damage. The gnoll hits you with a +0 whip.
You die...

##.........#..# ##..
#.........###.# ##.
#.######.##
#.######## ##.##
#.## ##........
##.##..# ###...#...
#.....### #.........
##......###.#...#...
#...#..............
##@######..########
#g## ###.# ###..
##g## ##.###≈≈.≈
#..#####..##.≈#'#
##.##........≈#∩#
###.....####...≈###
##..##..## #.>.≈≈≈≈
###.####..# #...####
#..## #..# #..##


You could see 2 gnolls.

Vanquished Creatures
  A gnoll shaman (D:4)
  2 bullfrog skeletons (D:4)
  2 hounds (D:4)
  An iguana (D:4)
  A worker ant (D:4)
  An orc wizard (D:4)
  A hound skeleton (D:4)
  7 adders
  2 gnolls (D:4)
  An ooze (D:1)
  An adder skeleton (D:2)
  A dart slug (D:3)
  9 leopard geckos
  8 orcs
  9 bats
  5 giant cockroaches
  A hobgoblin (D:1)
  11 jackals
  A quokka (D:2)
  3 ball pythons
  A ball python skeleton (D:4)
  3 frilled lizards
  7 goblins
  7 kobolds
  6 rats
92 creatures vanquished.

Vanquished Creatures (others)
  A plant (D:4)
  A withered plant (D:4)
2 creatures vanquished.

Grand Total: 94 creatures vanquished

Notes
Turn   | Place    | Note
-------+----------+-------------------------------------------
     0 | D:1      | mopl the Draconian Earth Elementalist began the quest for
                  | the Orb.
     0 | D:1      | Reached XP level 1. HP: 14/14 MP: 3/3
   364 | D:1      | Reached XP level 2. HP: 16/20 MP: 3/5
   383 | D:1      | Learned a level 2 spell: Passwall
   822 | D:1      | Reached XP level 3. HP: 19/26 MP: 5/7
   827 | D:1      | Learned a level 3 spell: Stone Arrow
  1455 | D:2      | Reached skill level 3 in Spellcasting
  1564 | D:2      | Reached XP level 4. HP: 33/33 MP: 5/8
  2098 | D:2      | Reached skill level 1 in Conjurations
  2135 | D:3      | Found a radiant altar of Vehumet.
  2381 | D:3      | Reached skill level 4 in Earth Magic
  3391 | D:3      | Reached skill level 2 in Transmutations
  3398 | D:3      | Reached XP level 5. HP: 38/38 MP: 7/9
  3412 | D:3      | Learned a level 4 spell: Petrify
  3449 | D:3      | Found a glowing silver altar of Zin.
  3462 | D:3      | Noticed an angel
  3466 | D:3      | Found a shimmering altar of Xom.
  3685 | D:4      | Found a staircase to the Ecumenical Temple.
  3702 | Temple   | Entered the Ecumenical Temple
  3935 | D:4      | Found Wofe's Food Emporium.
  3942 | D:4      | Found Elenwut's Magic Scroll Emporium.
  4016 | D:4      | Bought a scroll of teleportation for 42 gold pieces
  4016 | D:4      | Bought 2 scrolls of magic mapping for 98 gold pieces
  4036 | D:4      | Reached skill level 2 in Conjurations
  4282 | D:4      | Reached XP level 6. HP: 34/45 MP: 11/11
  4318 | D:4      | Found an ornate altar of the Wu Jian Council.
  4513 | D:4      | Found a hazy altar of Hepliaklqana.
  4543 | D:4      | Found Zuguf's Antique Armour Shoppe.
  4558 | D:4      | Found Yjegimux's Gadget Emporium.
  4592 | D:4      | Reached skill level 3 in Transmutations
  4607 | D:4      | Slain by a gnoll

Levels and vault maps discovered:
D:1:      minmay_arrival_doors, layout_basic, serial_rivers,
          chequers_serial_rivers_micro_d, chequers_serial_rivers_small_b,
          chequers_serial_rivers_micro_d, chequers_serial_rivers_small_b,
          minmay_tetromino_o2
D:2:      layout_basic, first_ration
D:3:      layout_rooms, grunt_temple_overflow_order_and_chaos_1,
          fiery_altar_vehumet, serial_glass, glass_columns_c, glass_columns_b,
          glass_columns_a, glass_columns_b, glass_columns_c, glass_columns_a,
          glass_columns_c, glass_columns_a
D:4:      minmay_goblin_kobold_castle, layout_layer_cave,
          grunt_temple_overflow_growth_and_decay, lemuel_doored_altar,
          lemuel_coloured_pillars_altar, minmay_temple_entry_slanted,
          serial_shops, nicolae_shop_behind_doors, shop, nicolae_shop_crystal,
          kennysheep_mini_moat
Temple:   minmay_temple_curvy_loop

Skill      XL: |  1  2  3  4  5  6 |
---------------+-------------------+-----
Spellcasting   | 3 |  3.9
Conjurations   | 1 2 |  2.7
Earth Magic    | 4 |  4.8
Transmutations | 2 3 |  3.1
Dodging        | |  1.7
Stealth        | |  1.7

Action                   |  1- 3 |  4- 6 || total
-------------------------+-------+-------++-------
Melee: Unarmed           |    20 |       ||    20
       Short sword       |    86 |    90 ||   176
       Tailslap          |     8 |    20 ||    28
       Dagger            |       |    57 ||    57
 Cast: Sandblast         |    32 |    51 ||    83
  Use: Scroll            |       |     7 ||     7
 Stab: Sleeping          |     2 |       ||     2
  Eat: Chunk             |     2 |    10 ||    12
Armor: Skin              |    51 |    80 ||   131
Dodge: Dodged            |   125 |   176 ||   301

Table legend:
 A = Non-vault XP
 B = Vault XP
 C = Vault XP percentage of total XP
 D = Non-vault monster count
 E = Vault monster count
 F = Vault count percentage of total count
                 A         B        C        D         E       F
            +---------+---------+-------+---------+---------+-------
      Total |     601 |       9 |   1.5 |      87 |       5 |   5.4
            +---------+---------+-------+---------+---------+-------
        D:1 |      49 |       3 |   5.8 |      24 |       2 |   7.7
        D:2 |      74 |       0 |   0.0 |      21 |       0 |   0.0
        D:3 |      91 |       0 |   0.0 |      23 |       0 |   0.0
        D:4 |     387 |       6 |   1.5 |      19 |       3 |  13.6
            +---------+---------+-------+---------+---------+-------
